 Dungeon Sprint DCSS version 0.23.2 (webtiles) character file.

Game seed: 512988982332184983

290 MartialLaw the Fighter (level 6, -1/46 HPs)
             Began as a Gargoyle Berserker on Mar 31, 2019.
             Was a Believer of Trog.
             Shot with an arrow by a centaur warrior (12 damage)
             ... in the Dungeon (Sprint I: "Red Sonja").
             The game lasted 00:01:32 (456 turns).

MartialLaw the Fighter (Gargoyle Berserker)          Turns: 456, Time: 00:01:32

Health: -1/46      AC:  6    Str: 23    XL:     6   Next: 32%
Magic:  6/6        EV: 13    Int:  7    God:    Trog [**....]
Gold:   162        SH:  0    Dex:  9    Spells: 5/5 levels left

rFire    . . .     SeeInvis .   a - +0 mace
rCold    . . .     Gourm    .   (no shield)
rNeg     + . .     Faith    .   b - +0 animal skin
rPois    ∞         Spirit   .   (no helmet)
rElec    +         Reflect  .   (no cloak)
rCorr    .         Harm     .   (no gloves)
MR       .....     NoTele   +   (no boots)
Stlth    +.........             (no amulet)
HPRegen  0.15/turn              (no ring)
MPRegen  0.10/turn              (no ring)

@: berserk cooldown, slowed, very slow
A: negative energy resistance 1, electricity resistance, unbreathing,
petrification resistance, rot immunity, AC +4
a: Berserk, Trog's Hand, Renounce Religion


You were in the Dungeon.
You worshipped Trog.
Trog was pleased with you.
You were hungry.

You visited 1 branch You collected 162 gold pieces.

Inventory:

Hand Weapons
 a - a +0 mace (weapon)
Armour
 b - a +0 animal skin (worn)
Scrolls
 i - a scroll of blinking
Potions
 d - a potion of curing
 e - a potion of heal wounds
 f - a potion of haste
 g - 2 potions of magic
 h - a potion of berserk rage
Comestibles
 c - a ration
 j - 2 chunks of flesh


   Skills:
 + Level 9.1 Fighting
 * Level 8.6 Maces & Flails
 + Level 5.0 Armour
 + Level 4.1 Dodging


You had 5 spell levels left.
You didn't know any spells.
Your spell library was empty.

Dungeon Overview and Level Annotations

Branches:
Dungeon (1/1)

Altars:
Sif Muna
Vehumet
Wu Jian


Innate Abilities, Weirdness & Mutations

You are resistant to torment.
Your stone body is resilient. (AC +4)
You are immune to poison.
You resist negative energy. (rN+)
You are resistant to electric shocks. (rElec)
You can survive without breathing.
You are immune to petrification.
You are immune to rotting.


Message History

There is a deep blue altar of Sif Muna here.
The door flies open with a bang!
You feel your anger nearly subside.
You are no longer berserk.
You are exhausted.
You feel yourself slow down.
You hear a shout! x2
A centaur warrior comes into view.
There is a deep blue altar of Sif Muna here.
A centaur warrior comes into view.
The centaur warrior shouts!
The centaur warrior wields a +0 shortbow.
The centaur warrior shoots an arrow.
The arrow hits you!
The centaur warrior wields a +0 longbow.
The centaur warrior shoots an arrow.
The arrow hits you!
The centaur warrior shoots an arrow.
The arrow hits you.
* * * LOW HITPOINT WARNING * * *
You see here 3 arrows.
You close the door.
A centaur warrior opens the door.
The centaur warrior shoots an arrow.
The arrow hits you!
You die...

################
#<.#..)..#..'..#
#..+).#..').#..+
#..#####'#####'#
#..# #..#
#(####(§ #..#
#### ##c#§§≈§
#..# #+#_@'c§§
#⌠⌠# +..._#§§§
#### #_.#+# +#
##+


You could see 2 centaur warriors.

Vanquished Creatures
  Sigmund (D)
  An ogre (D)
  A jelly (D)
  Ijyb (D)
4 creatures vanquished.

Vanquished Creatures (others)
  A hornet (D)
1 creature vanquished.

Grand Total: 5 creatures vanquished

Notes
Turn   | Place    | Note
-------+----------+-------------------------------------------
     0 | D        | MartialLaw the Gargoyle Berserker began the quest for the
                  | Orb.
     0 | D        | Reached XP level 1. HP: 14/14 MP: 1/1
     2 | D        | Noticed Ijyb
    20 | D        | Killed Ijyb
    20 | D        | Reached skill level 5 in Fighting
    20 | D        | Reached XP level 2. HP: 10/21 MP: 2/2
    20 | D        | Reached XP level 3. HP: 13/26 MP: 3/3
   327 | D        | Noticed an ogre
   330 | D        | Killed an ogre
   330 | D        | Reached skill level 7 in Fighting
   330 | D        | Reached XP level 4. HP: 34/34 MP: 4/4
   383 | D        | Noticed Sigmund
   388 | D        | Killed a hornet
   391 | D        | Killed Sigmund
   391 | D        | Reached ** piety under Trog
   391 | D        | Reached skill level 9 in Fighting
   391 | D        | Reached XP level 5. HP: 41/41 MP: 5/5
   391 | D        | Reached XP level 6. HP: 46/46 MP: 6/6
   444 | D        | Found an ornate altar of the Wu Jian Council.
   444 | D        | Found a deep blue altar of Sif Muna.
   446 | D        | Found a radiant altar of Vehumet.
   449 | D        | Reached skill level 5 in Armour
   454 | D        | Noticed a centaur warrior
   455 | D        | Noticed a centaur warrior
   456 | D        | Shot with an arrow by a centaur warrior

Skill      XL: |  1  2  3  4  5  6 |
---------------+-------------------+-----
Fighting       | 5 7 9 |  9.1
Maces & Flails | 4 6 8 |  8.6
Armour         | 3 4 5 |  5.0
Dodging        | 2 3 4 |  4.1

Action                   |  1- 3 |  4- 6 || total
-------------------------+-------+-------++-------
Melee: Mace              |    17 |     7 ||    24
Invok: Berserk           |     2 |     2 ||     4
  Eat: Chunk             |       |     2 ||     2
Armor: Animal skin       |     3 |     1 ||     4
Dodge: Dodged            |     7 |     3 ||    10
